 Dungeon Crawl Stone Soup version 0.29-a0-817-g9904bce7a6 (webtiles) character file.

Game seed: 11525325068854852469

7554 elite277 the Thaumaturge (level 11, -6/78 HPs)
             Began as a Human Conjurer on July 5, 2022.
             Was an Initiate of Vehumet.
             Mangled by a two-headed ogre
             ... wielding a +0 giant club
              (14 damage)
             ... on level 10 of the Dungeon.
             The game lasted 01:18:20 (14412 turns).

elite277 the Thaumaturge (Human Conjurer)          Turns: 14412, Time: 01:18:21

Health: -6/78      AC:  6    Str:  9    XL:     11   Next: 39%
Magic:  0/24       EV: 14    Int: 20    God:    Vehumet [......]
Gold:   583        SH:  0    Dex: 13    Spells: 15/29 levels left

rFire   + . .      SeeInvis +   p - +6 hand axe (vorpal)
rCold   . . .      Faith    .   (no shield)
rNeg    + . .      Spirit   +   q - +0 robe {rN+}
rPois   .          Reflect  .   k - +2 helmet
rElec   .          Harm     .   x - +0 cloak
rCorr   .          Rampage  .   (no gloves)
Will    .....                   (no boots)
Stlth   ++........              t - amulet of guardian spirit
HPRegen 0.23/turn               d - ring of protection from fire
MPRegen 0.19/turn               o - ring "Dagoqed" {Fly SInv}

@: flying
A: no striking features
a: Renounce Religion


You were on level 10 of the Dungeon.
You worshipped Vehumet.
Vehumet was noncommittal.
You visited 2 branches of the dungeon, and saw 11 of its levels.

You collected 723 gold pieces.
You spent 140 gold pieces at shops.

Inventory:

Hand Weapons
 e - a +0 whip
 l - a +0 spear
 p - a +6 vorpal hand axe (weapon)
 u - a +2 vorpal mace
 C - a +0 dagger of draining
 N - a +1 short sword of protection
 Q - a +3 dagger of draining
Missiles
 A - 17 poisoned darts
 H - 4 silver javelins
 J - 5 atropa-tipped darts
Armour
 a - a +0 robe
 k - a +2 helmet (worn)
 q - a +0 robe of positive energy (worn)
 x - a +0 cloak (worn)
 F - a +0 robe of fire resistance
Jewellery
 d - a ring of protection from fire (left hand)
 g - a ring of flight
 o - the ring "Dagoqed" (right hand) {Fly SInv}
   (You acquired it on level 8 of the Dungeon)

   [ring of see invisible]

   SInv:      It lets you see invisible.
   Fly:       It grants you flight.
 t - an amulet of guardian spirit (around neck)
 v - an amulet of guardian spirit
 y - a ring of ice
Wands
 b - a wand of iceblast (11)
 G - a wand of paralysis (7)
 I - a wand of flame (23)
 L - a wand of digging (1)
Scrolls
 c - 2 scrolls of amnesia
 n - 3 scrolls of teleportation
 r - a scroll of noise
 s - a scroll of torment
 B - 4 scrolls of fog
 E - 3 scrolls of poison
 K - a scroll of blinking
 O - a scroll of fear
Potions
 f - a potion of berserk rage
 h - 4 potions of mutation
 i - 2 potions of flight
 j - 3 potions of might
 w - a potion of ambrosia
 z - a potion of degeneration
 D - 3 potions of lignification
 M - 2 potions of curing
 R - a potion of heal wounds


   Skills:
 + Level 4.3 Fighting
 + Level 3.9(4.0) Axes
 - Level 0.2(2.4) Maces & Flails
 - Level 0.7(2.5) Polearms
 + Level 4.7 Throwing
 + Level 5.1 Dodging
 - Level 3.1 Stealth
 * Level 9.5 Spellcasting
 + Level 8.0 Conjurations
 + Level 4.9 Hexes
 + Level 3.8 Translocations
 + Level 0.8 Evocations


You had 15 spell levels left.
You knew the following spells:

 Your Spells              Type           Power      Damage    Failure   Level
a - Magic Dart            Conj           100%       1d8       1%          1
b - Searing Ray           Conj           82%        2d7       1%          2
c - Dazzling Flash        Conj/Hex       70%        N/A       1%          3
d - Fulminant Prism       Conj/Hex       17%        3d11      4%          4
e - Iskenderun's Mystic   Conj/Tloc      33%        2d8       6%          4

Your spell library contained the following spells:

 Spells                   Type           Power      Damage    Failure   Level


Dungeon Overview and Level Annotations

Branches:
Dungeon (10/15)            Temple (1/1) D:7
   Lair: D:8-11         Orc: D:9-12

Altars:
Ashenzari
Cheibriados
Dithmenos
Elyvilon
Fedhas
Hepliaklqana
Kikubaaqudgha
Makhleb
Nemelex Xobeh
Okawaru
Qazlal
Ru
Sif Muna
Trog
Uskayaw
Vehumet
Wu Jian
Xom
Yredelemnul
Zin
The Shining One

Shops:
D:1 =   D:3 [!*   D:6 *   D:8 (

Annotations:
D:7 Gastronok


Message History

Press: ? - help, Dir - move target You conjure a prism of explosive energy!
A fulminant prism comes into view.
The ogre mage points at you and mumbles some strange words.
You suddenly lose the ability to move!
The ogre mage mumbles some strange words.
The ogre mage flickers and vanishes for a moment.
Your fulminant prism crackles loudly.
You can move again.
The two-headed ogre hits your fulminant prism with a +0 giant club!!
Your fulminant prism explodes!
The blast of energy engulfs the two-headed ogre.
The two-headed ogre is lightly wounded.
Casting: Fulminant Prism (dangerous; 4% risk of failure)
Confirm with . or Enter, or press ? or * to list all spells.
Aiming: Fulminant Prism (dangerous; 4% risk of failure)
Press: ? - help, Dir - move target You conjure a prism of explosive energy!
A fulminant prism comes into view.
Your fulminant prism crackles loudly.
The two-headed ogre hits your fulminant prism with a +0 giant club!!
Your fulminant prism explodes!
The blast of energy engulfs the two-headed ogre!
The two-headed ogre is lightly wounded.
You reach down and open the door.
The two-headed ogre hits you but does no damage.
The two-headed ogre misses you.
There is an open door here.
The two-headed ogre completely misses you.
The two-headed ogre hits you with a +0 giant club!
A two-headed ogre comes into view.
It is wielding a +0 giant club and a +0 dire flail. x2
There is an open door here.
An ogre comes into view. It is wielding a +0 giant club.
The two-headed ogre hits you with a +0 giant club!! x2
The two-headed ogre shouts in stereo!
The two-headed ogre attacks as you move away!
The two-headed ogre hits you with a +0 giant club!!!
* * * LOW HITPOINT WARNING * * *
The two-headed ogre hits you with a +0 giant club!
You die...

#.....#...........
#.....#..O........
#.....#...........
#.....'...........
#.#####..........
##+####.##..##.....######
....O.O......#.....#....#
...........<.#.....'....#
...........@.#.....#....#
...........O.#.....######
........###'##.....#
#+########...#OO...#
#.....#...#O....#
#.....'...#.....#
#....O#...#.....#
#....O#####.....#
#.........O.....#


You could see 2 two-headed ogres and an ogre.

Vanquished Creatures
  Erica (D:9)
  Maurice (D:8)
  A troll (D:8)
  A hornet (D:8)
  A wyvern (D:8)
  A wraith (D:9)
  10 yaks (D:8)
  5 steam dragons
  A water moccasin (D:9)
  2 orc warriors
  An ice beast (D:6)
  3 sky beasts (D:7)
  4 ogres
  2 black bears
  4 centaurs
  2 phantoms
  2 necrophages
  2 bullfrogs
  2 gnoll sergeants
  5 scorpions
  6 wights (D:7)
  5 killer bees (D:9)
  3 electric eels (D:7)
  A howler monkey (D:5)
  7 hounds
  3 orc priests
  A jelly (D:8)
  2 iguanas
  7 orc wizards
  Robin (D:4)
  9 gnolls
  7 adders
  4 shadow imps
  A white imp (D:5)
  A worm (D:3)
  4 dart slugs
  21 orcs
  5 ball pythons
  8 endoplasms
  3 giant cockroaches
  17 goblins
  15 hobgoblins
  4 jackals
  7 kobolds
  4 quokkas
  4 bats (D:2)
  A frilled lizard (D:1)
  7 rats
209 creatures vanquished.

Vanquished Creatures (others)
  72 fulminant prisms
  20 plants
92 creatures vanquished.

Grand Total: 301 creatures vanquished

Notes
Turn   | Place    | Note
-------+----------+-------------------------------------------
     0 | D:1      | elite277 the Human Conjurer began the quest for the Orb.
     0 | D:1      | Reached XP level 1. HP: 13/13 MP: 3/3
   126 | D:1      | Reached XP level 2. HP: 19/19 MP: 1/5
   381 | D:1      | Learned a level 2 spell: Searing Ray
   485 | D:1      | Found a faded altar of an unknown god.
   599 | D:1      | Reached XP level 3. HP: 15/24 MP: 1/6
  1290 | D:1      | Found Telopyem's Jewellery Emporium.
  1560 | D:2      | Reached XP level 4. HP: 30/30 MP: 2/7
  2478 | D:3      | Found Niwofelo's Assorted Antiques.
  2491 | D:3      | Reached skill level 5 in Conjurations
  2493 | D:3      | Bought a scroll labelled ATOOCITUROU for 18 gold pieces
  2493 | D:3      | Bought a scroll labelled FEH QYMPUNNANT for 18 gold pieces
  2493 | D:3      | Bought a tiny soapstone amulet for 90 gold pieces
  2552 | D:3      | Found Migi's Armour Shoppe.
  2923 | D:3      | Found Uqilun's Distillery.
  2934 | D:3      | Bought a potion of degeneration for 14 gold pieces
  3075 | D:3      | Found a stormy altar of Qazlal.
  3204 | D:3      | Reached XP level 5. HP: 32/35 MP: 9/9
  3282 | D:4      | Noticed Robin
  3716 | D:4      | Noticed an ogre
  3717 | D:5      | Entered Level 5 of the Dungeon
  3717 | D:5      | Noticed an ogre
  3975 | D:4      | Killed Robin
  3976 | D:4      | Reached skill level 1 in Axes
  3987 | D:4      | Reached XP level 6. HP: 35/42 MP: 1/10
  4085 | D:4      | Reached skill level 1 in Fighting
  4298 | D:4      | Killed an ogre
  4299 | D:4      | Reached skill level 1 in Throwing
  4299 | D:4      | Reached skill level 3 in Spellcasting
  4434 | D:4      | Reached XP level 7. HP: 48/48 MP: 6/11
  4589 | D:4      | Learned a level 3 spell: Dazzling Flash
  4594 | D:4      | Learned a level 4 spell: Fulminant Prism
  4893 | D:5      | Reached skill level 1 in Hexes
  5257 | D:5      | Reached XP level 8. HP: 56/56 MP: 7/13
  5689 | D:5      | Reached skill level 4 in Spellcasting
  5695 | D:5      | Noticed a two-headed ogre
  6337 | D:6      | Found a broken altar of Ashenzari.
  6355 | D:6      | Reached XP level 9. HP: 44/62 MP: 7/16
  6754 | D:5      | Reached skill level 5 in Spellcasting
  6889 | D:6      | Found a hazy altar of Hepliaklqana.
  7117 | D:6      | Reached skill level 6 in Spellcasting
  7289 | D:6      | Found a burning altar of Makhleb.
  7602 | D:6      | Found Moufoss's General Store.
  7695 | D:6      | Found a bloodstained altar of Trog.
  8093 | D:7      | Found a hide-covered altar of Uskayaw.
  8660 | D:7      | Reached skill level 7 in Spellcasting
  8675 | D:7      | Reached XP level 10. HP: 50/71 MP: 2/21
  9059 | D:7      | Learned a level 4 spell: Iskenderun's Mystic Blast
  9252 | D:7      | Found a staircase to the Ecumenical Temple.
  9264 | Temple   | Entered the Ecumenical Temple
  9415 | Temple   | Became a worshipper of Vehumet
  9796 | D:7      | Found a shadowy altar of Dithmenos.
  9841 | D:7      | Reached skill level 1 in Translocations
 10096 | D:8      | Noticed Gastronok
 10119 | D:7      | HP: 1/71 [Gastronok (23)]
 10755 | D:8      | Noticed Maurice
 11025 | D:8      | Killed Maurice
 11026 | D:8      | Reached skill level 8 in Spellcasting
 11231 | D:8      | Identified a scroll of acquirement
 11231 | D:8      | Acquired the ring "Dagoqed" {Fly SInv}
 11730 | D:8      | Found Zudesk's Antique Weapon Shoppe.
 11919 | D:8      | Reached XP level 11. HP: 9/77 MP: 3/23
 12838 | D:9      | Noticed Erica
 13174 | D:9      | Found an iron altar of Okawaru.
 13183 | D:9      | Reached skill level 9 in Spellcasting
 13299 | D:9      | Reached skill level 5 in Dodging
 13905 | D:9      | Killed Erica
 14077 | D:9      | Found a shimmering altar of Xom.
 14079 | D:9      | Found a shimmering altar of Xom.
 14079 | D:9      | Found a shadowy altar of Dithmenos.
 14081 | D:9      | Found a burning altar of Makhleb.
 14081 | D:9      | Found a broken altar of Ashenzari.
 14081 | D:9      | Found an ancient bone altar of Kikubaaqudgha.
 14295 | D:10     | Entered Level 10 of the Dungeon
 14382 | D:10     | Noticed an ogre mage
 14387 | D:10     | Noticed a two-headed ogre
 14390 | D:10     | Paralysed by an ogre mage for 2 turns
 14409 | D:10     | Noticed a two-headed ogre
 14409 | D:10     | Noticed a two-headed ogre
 14412 | D:10     | Mangled by a two-headed ogre

Illustrated notes

Levels and vault maps discovered:
D:1:      scummos_arrival_gate, layout_basic,
          shapermc_ecumenical_altar_totnotflames, serial_shops,
          nicolae_lakefront_shop
D:2:      layout_basic, amcnicky_mini_rare_corridor_liquid
D:3:      layout_basic, mainiacjoe_overflow_small_starburst, serial_rivers,
          chequers_serial_rivers_marsh, chequers_serial_rivers_micro_a,
          chequers_serial_rivers_room_b, chequers_serial_rivers_marsh,
          serial_shops, nicolae_square_shop, shop, shop
D:4:      layout_loops_ring, lemuel_old_faithful, uniq_robin
D:5:      cheibrodos_fzero, layout_basic,
          nicolae_gozag_cash_rules_everything_around_me,
          cheibrodos_sewer_entry_bend, serial_bayou_lagoon_b
D:6:      layout_loops_ring, old_standard_altar, mainiacjoe_overflow_chevrons,
          mainiacjoe_overflow_brackets, lemuel_coloured_pillars_altar,
          serial_shops, kennysheep_little_box
D:7:      layout_basic, mainiacjoe_overflow_tiny_flanked,
          general_overflow_altar, minmay_temple_entry_tees, serial_bayou,
          serial_bayou_shore_b, serial_bayou_lagoon_a, serial_bayou_pond_a,
          serial_bayou_pond_d, serial_bayou_pond_e, serial_bayou_shore_b,
          hangedman_misty_isle
D:8:      layout_basic, serial_shops, shop, uniq_gastronok, uniq_maurice
D:9:      layout_cave_pools, doesnt_xom_only_xom, okawaru_trees_2, uniq_erica
D:10:     layout_gridville, erik_lair_orcish_takeover,
          chequers_serial_rivers_marsh, uniq_sonja
Temple:   hellmonk_temple_flake

Skill      XL: |  1  2  3  4  5  6  7  8  9 10 11 |
---------------+----------------------------------+-----
Conjurations   | 5 6 7 8 |  8.0
Axes           | 1 2 3 |  3.9
Stealth        | 3 |  3.1
Fighting       | 1 2 3 4 |  4.3
Throwing       | 1 2 3 4 |  4.7
Spellcasting   | 3 4 7 8 9 |  9.5
Hexes          | 1 3 4 |  4.9
Dodging        | 3 4 5 |  5.1
Translocations | 3 |  3.8
Maces & Flails | |  0.2
Polearms       | |  0.7
Evocations     | |  0.8

Action                   |  1- 3 |  4- 6 |  7- 9 | 10-12 || total
-------------------------+-------+-------+-------+-------++-------
Melee: Whip              |    21 |       |       |       ||    21
       Spear             |    15 |     2 |       |       ||    17
       Hand axe          |       |    46 |    97 |    44 ||   187
       Punch             |       |     3 |     1 |     1 ||     5
Throw: Dart              |       |    20 |    24 |    23 ||    67
       Javelin           |       |       |     2 |     1 ||     3
 Cast: Magic Dart        |    55 |    24 |    61 |    17 ||   157
       Searing Ray       |     2 |    20 |    41 |    26 ||    89
       Dazzling Flash    |       |       |     6 |     1 ||     7
       Fulminant Prism   |       |       |    13 |    59 ||    72
       Iskenderun's Myst |       |       |       |     3 ||     3
Evoke: Wand              |       |       |     5 |     1 ||     6
  Use: Scroll            |       |     8 |    10 |    15 ||    33
       Potion            |       |       |       |     8 ||     8
 Stab: Sleeping          |     3 |     4 |       |       ||     7
       Invisible         |       |       |     2 |       ||     2
Armor: Robe              |     3 |    18 |    47 |    18 ||    86
Dodge: Dodged            |    29 |    33 |   110 |    62 ||   234

Table legend: (Time is in decaauts)
 A = Elapsed time spent in this place.
 B = Non-inter-level travel time spent in this place.
 C = Inter-level travel time spent in this place.
 D = Time resting spent in this place.
 E = Time spent auto-exploring this place.
 F = Levels seen in this place.
 G = Mean time per level.
                   A        B        C        D        E       F      G
               +--------+--------+--------+--------+--------+-----+--------+
         Total |  14458 |  13815 |    643 |   4920 |   5268 |  11 | 1314.4 |
       Dungeon |  14297 |  13673 |    624 |   4920 |   5141 |  10 | 1429.7 |
        Temple |    160 |    141 |     19 |      0 |    127 |   1 |  160.0 |
               +--------+--------+--------+--------+--------+-----+--------+

Top non-repeatable levels by time:
     D:8: 2445 daAuts
     D:7: 2015 daAuts
     D:4: 1937 daAuts
     D:6: 1722 daAuts
     D:5: 1337 daAuts
     D:1: 1331 daAuts
     D:9: 1300 daAuts
     D:3: 1236 daAuts
     D:2: 853 daAuts
  Temple: 160 daAuts
    D:10: 116 daAuts
